 Dungeon Crawl Stone Soup version 0.30.1-4-g462c640d31 (webtiles) character file.

Game seed: 1187154437493657870

88449 Pyropingo the Executioner (level 15, 0/155 HPs)
             Began as a Minotaur Berserker on Sept 10, 2023.
             Was the Champion of Trog.
             Slain by an alligator snapping turtle (20 damage)
             ... on level 4 of the Shoals.
             The game lasted 01:40:58 (24967 turns).

Pyropingo the Executioner (Minotaur Berserker)     Turns: 24967, Time: 01:40:58

Health: 0/155      AC: 26    Str: 33    XL:     15   Next: 46%
Magic:  14/14      EV: 10    Int:  4    God:    Trog [******]
Gold:   1336       SH:  0    Dex: 18    Spells: 14/14 levels left

rFire   + + .        U - +9 battleaxe (venom)
rCold   . . .        (shield currently unavailable)
rNeg    . . .        v - +0 plate armour
rPois   .            n - +1 hat {Will+}
rElec   .            p - +2 cloak
rCorr   .            Z - +1 pair of gloves of Ru's Delight {rF+ Will+}
SInv    .            y - +1 pair of boots of Levity {Fly rF+}
Will    +++..        D - amulet of the acrobat Stlth
                     c - +6 ring of strength
HPRegen 0.45/turn    R - +6 ring of dexterity
MPRegen 0.14/turn

%: acrobat
@: lethally poisoned (0 -> -34), flying, mesmerised
A: horns 2, retaliatory headbutt, inability to drink after injury 1
a: Renounce Religion, Berserk, Trog's Hand, Brothers in Arms


You were on level 4 of the Shoals.
You worshipped Trog.
Trog was exalted by your worship.
You visited 4 branches of the dungeon, and saw 23 of its levels.
You also visited: Sewer and Ice Cave.

You collected 2640 gold pieces.
You spent 1304 gold pieces at shops.

Inventory:

Hand Weapons
 N - the +9 battleaxe of Corporal Punishment {antimagic, rF+}
   (Trog gifted it to you on level 2 of the Shoals)

   rF:        It protects you from fire.
 U - a +9 battleaxe of venom (weapon)
Missiles
 h - 163 stones (quivered)
 W - 3 throwing nets
Armour
 n - a +1 hat of willpower (worn)
 p - a +2 cloak (worn)
 v - a +0 plate armour (worn)
 y - the +1 pair of boots of Levity (worn) {Fly rF+}
   (You acquired it on level 12 of the Dungeon)

   rF:        It protects you from fire.
   Fly:       It grants you flight.
 V - a scarf of resistance
 Z - the +1 pair of gloves of Ru's Delight (worn) {rF+ Will+}
   (You acquired it on level 12 of the Dungeon)

   rF:        It protects you from fire.
   Will:      It increases your willpower.
Jewellery
 c - a +6 ring of strength (left hand)
 m - a ring of ice
 D - an amulet of the acrobat (around neck)
 H - an amulet of magic regeneration
 R - a +6 ring of dexterity (right hand)
Wands
 i - a wand of digging (2)
 r - a wand of flame (50)
 A - a wand of polymorph (14)
 F - a wand of mindburst (16)
 J - a wand of iceblast (17)
 Y - a wand of charming (4)
Scrolls
 d - 4 scrolls of vulnerability
 f - 5 scrolls of teleportation
 q - a scroll of enchant armour
 s - 3 scrolls of fog
 t - 6 scrolls of identify
 x - a scroll of blinking
 z - 2 scrolls of butterflies
 G - 3 scrolls of fear
 I - 2 scrolls of immolation
 K - 2 scrolls of brand weapon
 M - a scroll of poison
 O - 6 scrolls of noise
 P - 2 scrolls of magic mapping
 Q - a scroll of silence
 T - 4 scrolls of amnesia
Potions
 a - a potion of cancellation
 b - 4 potions of attraction
 e - 13 potions of curing
 g - 3 potions of degeneration
 j - 2 potions of berserk rage
 k - 6 potions of haste
 l - 9 potions of brilliance
 u - a potion of mutation
 w - 4 potions of magic
 B - a potion of heal wounds
 C - 5 potions of flight
 E - a potion of resistance {unknown}
 L - 3 potions of might
 S - a potion of invisibility {unknown}
 X - 4 potions of lignification {unknown}
Miscellaneous
 o - a phial of floods


   Skills:
 * Level 20.0 Fighting
 * Level 22.0 Axes
 * Level 14.6 Armour
 - Level 2.2 Dodging
 - Level 0.2 Evocations


You had 14 spell levels left.
You didn't know any spells.
Your spell library was empty.

Dungeon Overview and Level Annotations

Branches:
Dungeon (15/15)            Temple (0/1) D:7            Lair (2/5) D:8
 Shoals (4/4) Lair:2          Orc (2/2) D:10            Elf (0/3) Orc:2
 Vaults (0/5) D:13          Sewer (visited)           IceCv (visited)
  Snake: Lair:2-3    Spider: Lair:2-3    Depths: D:15

Altars:
Dithmenos
Elyvilon
Kikubaaqudgha
Ru
Sif Muna
Uskayaw
Wu Jian
Yredelemnul
The Shining One

Shops:
D:4 !   D:11 [   D:13 :   Orc:2 [*(=

Annotations:
D:14 1 runed translucent door
Shoals:2 Polyphemus


Innate Abilities, Weirdness & Mutations

You have a pair of horns on your head.
You reflexively headbutt those who attack you in melee.
You occasionally lose the ability to drink potions when taking damage.


Message History

Your Axes skill increases to level 22!
You feel extremely sick.
The alligator snapping turtle bites you.
The merfolk impaler closely misses you.
The merfolk avatar chants its luring song.
The merfolk javelineer throws a silver javelin.
The silver javelin pierces through you!
* * * LOW HITPOINT WARNING * * *
The silver sears you!
* * * LOW HITPOINT WARNING * * *
Things that are here:
a +1 rapier of flaming; a +0 robe You open the merfolk javelineer like a pillowcase!!!
The merfolk javelineer looks as sick as possible!
The merfolk javelineer is heavily wounded.
You miss the merfolk impaler.
You slash the alligator snapping turtle!
* * * LOW HITPOINT WARNING * * *
You feel very sick.
The merfolk impaler hits you but does no damage.
You are more poisoned.
The merfolk impaler barely misses you. You furiously retaliate!
You headbutt the merfolk impaler!
The alligator snapping turtle bites you but does no damage.
You feel much better.
You feel extremely sick.
The merfolk avatar chants its luring song.
The merfolk impaler hits you from afar with a +2 trident of venom.
* * * LOW HITPOINT WARNING * * *
You are more poisoned.
The merfolk javelineer throws a silver javelin.
The silver javelin pierces through you!
* * * LOW HITPOINT WARNING * * *
The silver sears you!
* * * LOW HITPOINT WARNING * * *
The merfolk impaler barely misses you. You furiously retaliate!
You headbutt the merfolk impaler.
The merfolk impaler closely misses you. x2
You furiously retaliate!
You headbutt the merfolk impaler.
The alligator snapping turtle bites you!!
You die...

...........##...##~~~~
..~........#)†...#~~~~
...........†.)|..#~~~~
..~#####...#.)...#...~
##?..##..##...#####.
#.....#...#########.
#..m..#........#....
#.t.mm#............~ .
#)@m##.........~.~~
....##'##.....≈≈≈.~~~.~
..............[≈≈≈.~~~.~
.....#####.....≈≈≈~~~~~~
.... ##....≈~~~~~~~. ~..
#...~~~~~~~~~. ~~
#...~~~~~~~~.. ≈
#..~~~~~≈~~~~.
#~~~≈≈≈≈≈≈~~~~


You could see an alligator snapping turtle, a merfolk avatar (mesmerising), 2
merfolk impalers and a merfolk javelineer (extremely poisoned).

Vanquished Creatures
  Jorgrun (D:13)
  Gastronok (Lair:1)
  The ghost of jujuben the Executioner, a journeyman HOGl of Okawaru (Orc:1)
  A reaper (IceCv)
  2 orc warlords
  Nessos (D:13)
  Azrael (D:12)
  Snorg (Orc:2)
  4 merfolk impalers (Shoals:4)
  Erolcha (D:11)
  A hydra (Lair:2)
  Erica (D:8)
  A death knight (D:13)
  An alligator snapping turtle (Shoals:1)
  3 merfolk avatars
  A catoblepas (D:13)
  3 merfolk aquamancers (Shoals:4)
  3 centaur warriors
  6 two-headed ogres
  A boulder beetle (D:13)
  3 death yaks (D:7)
  4 orc high priests
  Nergalle (Lair:1)
  3 skysharks
  An iron troll (D:13)
  3 sea snakes
  A skeletal warrior (D:13)
  A phantasmal warrior (D:13)
  A lindwurm (D:13)
  6 harpies
  4 orc knights
  Pikel (D:8)
  2 deep elf pyromancers
  2 wolf spiders (Lair:1)
  5 orc sorcerers
  9 ugly things
  3 cyclopes
  9 manticores
  4 fauns
  A moth of wrath (shapeshifter) (D:13)
  3 elephants (Lair:2)
  An ice statue (IceCv)
  3 water nymphs
  3 merfolk sirens
  A guardian serpent (shapeshifter) (D:14)
  2 gargoyles
  3 unseen horrors
  2 cane toads (Lair:1)
  3 anaconda simulacra (IceCv)
  An efreet (D:13)
  An ice devil (IceCv)
  3 komodo dragons
  11 merfolk
  7 trolls
  A hornet (D:10)
  A polar bear (Lair:2)
  A blink frog (Lair:1)
  3 wind drakes (Shoals:1)
  4 snapping turtles
  A blink frog (shapeshifter) (D:14)
  7 slime creatures
  10 water elementals
  A dire elephant simulacrum (IceCv)
  4 wraiths
  A shadow (D:13)
  3 vampires (D:13)
  2 wyverns (Lair:2)
  27 yaks
  2 basilisks
  A fire elemental (D:12)
  12 vampire mosquitoes
  Grum (D:9)
  2 steam dragons
  A harpy simulacrum (IceCv)
  2 wargs (D:10)
  5 water moccasins
  3 acid dragons
  4 hell hounds (D:12)
  Duvessa (D:4)
  32 orc warriors
  3 ice beasts
  A black bear (D:4)
  12 wolves
  9 ogres
  13 centaurs
  A phantom (D:7)
  2 lemures (D:8)
  Blork the orc (D:6)
  7 kobold brigands
  11 bullfrogs
  3 gnoll sergeants
  3 scorpions
  3 two-headed ogre simulacra (IceCv)
  4 cane toad simulacra (IceCv)
  Dowan (D:4)
  2 elephant simulacra (IceCv)
  10 killer bees (D:10)
  A howler monkey (D:6)
  8 electric eels
  3 hounds
  5 jellies
  A gnoll bouda (D:9)
  22 orc priests
  Crazy Yiuf (D:6)
  4 iguanas
  24 orc wizards
  2 sleepcaps (D:7)
  A hell rat (D:7)
  5 spriggan simulacra (IceCv)
  4 polar bear simulacra (IceCv)
  8 troll simulacra (IceCv)
  A wolf simulacrum (IceCv)
  26 gnolls
  5 adders
  9 naga simulacra (IceCv)
  7 river rats
  A shadow imp (D:8)
  4 white imps
  5 ufetubi (IceCv)
  4 worms
  4 dart slugs
  80 orcs
  7 ball pythons
  6 bats
  16 endoplasms
  2 giant cockroaches
  6 hobgoblins
  30 kobolds
  9 quokkas
  2 frilled lizards (D:1)
  17 goblins
  23 rats
714 creatures vanquished.

Notes
Turn   | Place    | Note
-------+----------+-------------------------------------------
     0 | D:1      | Pyropingo the Minotaur Berserker began the quest for the
                  | Orb.
     0 | D:1      | Reached XP level 1. HP: 19/19 MP: 0/0
    98 | D:1      | Reached skill level 4 in Axes
    98 | D:1      | Reached XP level 2. HP: 23/27 MP: 1/1
   629 | D:1      | Reached XP level 3. HP: 33/33 MP: 2/2
  1023 | D:2      | Reached skill level 5 in Axes
  1100 | D:2      | Reached ** piety under Trog
  1216 | D:2      | Reached XP level 4. HP: 34/40 MP: 3/3
  1269 | D:2      | Found a faded altar of an unknown god.
  1942 | D:3      | Reached skill level 6 in Axes
  2159 | D:3      | Reached XP level 5. HP: 28/46 MP: 4/4
  2513 | D:4      | Noticed Duvessa
  2513 | D:4      | Noticed Dowan
  2615 | D:4      | Noticed a black bear
  2622 | D:4      | Killed a black bear
  2623 | D:4      | Reached skill level 8 in Axes
  2623 | D:4      | Reached XP level 6. HP: 52/52 MP: 5/5
  2874 | D:4      | Killed Duvessa
  2875 | D:4      | Reached skill level 9 in Axes
  2884 | D:4      | Killed Dowan
  2995 | D:4      | Identified the +6 ring mail "Zomuic" {Int+2}
  3047 | D:4      | Reached XP level 7. HP: 58/58 MP: 6/6
  3146 | D:4      | Reached *** piety under Trog
  3212 | D:4      | Found Keypten's Distillery.
  3372 | D:5      | Entered Level 5 of the Dungeon
  3373 | D:5      | Found a hide-covered altar of Uskayaw.
  3573 | D:5      | Reached skill level 10 in Axes
  3918 | D:5      | Found a glowing drain.
  3924 | Sewer    | Entered a sewer
  4320 | Sewer    | Reached skill level 11 in Axes
  4912 | D:6      | Found a runed translucent door.
  4913 | D:6      | Noticed Crazy Yiuf
  4913 | D:6      | Noticed Maggie
  4939 | D:6      | Reached XP level 8. HP: 59/66 MP: 7/7
  4978 | D:6      | Reached **** piety under Trog
  4979 | D:6      | Reached skill level 12 in Axes
  5182 | D:6      | Reached skill level 13 in Axes
  5348 | D:6      | Noticed Blork the orc
  5413 | D:6      | Killed Blork the orc
  5876 | D:6      | Killed Crazy Yiuf
  5893 | D:6      | Maggie changed into Maggie the scorpion
  5893 | D:6      | Noticed Maggie
  5895 | D:6      | Killed Maggie the scorpion
  6044 | D:7      | Reached XP level 9. HP: 67/71 MP: 8/8
  6098 | D:7      | Found an ornate altar of the Wu Jian Council.
  6132 | D:7      | Found a shadowy altar of Dithmenos.
  6215 | D:7      | Found a basalt altar of Yredelemnul.
  6217 | D:7      | Noticed a profane servitor
  6242 | D:7      | Reached skill level 5 in Fighting
  6251 | D:7      | Found a staircase to the Ecumenical Temple.
  6273 | D:7      | Reached skill level 5 in Armour
  6460 | D:7      | Found a white marble altar of Elyvilon.
  6504 | D:7      | Found a shimmering blue altar of Sif Muna.
  6760 | D:7      | Found an ancient bone altar of Kikubaaqudgha.
  6976 | D:7      | Found a glowing golden altar of the Shining One.
  6986 | D:7      | Noticed an angel
  7005 | D:8      | Noticed a death yak
  7011 | D:8      | Noticed a death yak
  7011 | D:8      | Noticed a death yak
  7092 | D:7      | Killed a death yak
  7093 | D:7      | Reached XP level 10. HP: 28/90 MP: 9/9
  7289 | D:7      | Killed a death yak
  7438 | D:7      | Killed a death yak
  7639 | D:8      | Found a staircase to the Lair.
  7757 | D:8      | Reached skill level 10 in Fighting
  7918 | D:8      | Reached ***** piety under Trog
  8096 | D:8      | Noticed Erica
  8147 | D:8      | Killed Erica
  8205 | D:8      | Noticed Pikel
  8222 | D:8      | Killed Pikel
  8962 | D:9      | Noticed a two-headed ogre
  8971 | D:9      | Killed a two-headed ogre
  8972 | D:9      | Reached XP level 11. HP: 104/104 MP: 10/10
  9075 | D:9      | Noticed Grum
  9092 | D:9      | Killed Grum
  9093 | D:9      | Reached skill level 14 in Axes
  9525 | D:10     | Entered Level 10 of the Dungeon
  9565 | D:10     | Reached skill level 10 in Armour
  9694 | D:10     | Received a gift from Trog
  9702 | D:10     | Found a staircase to the Orcish Mines.
  9756 | D:10     | Identified a scroll of acquirement
 11050 | D:11     | Noticed a white ugly thing
 11059 | D:11     | Killed a white ugly thing
 11270 | D:11     | Found Kyomeum's Armour Shoppe.
 11276 | D:11     | Received a gift from Trog
 11356 | D:11     | Reached skill level 15 in Axes
 11386 | D:11     | Noticed a two-headed ogre
 11396 | D:11     | Killed a two-headed ogre
 11577 | D:11     | Noticed a two-headed ogre
 11582 | D:11     | Killed a two-headed ogre
 11682 | D:11     | Noticed a two-headed ogre
 11686 | D:11     | Killed a two-headed ogre
 11815 | D:11     | Noticed Erolcha
 11819 | D:11     | Killed Erolcha
 11820 | D:11     | Reached XP level 12. HP: 94/118 MP: 11/11
 12071 | D:11     | Noticed a two-headed ogre
 12078 | D:11     | Killed a two-headed ogre
 12079 | D:11     | Reached skill level 16 in Axes
 12237 | D:11     | Noticed a two-headed ogre
 12240 | D:11     | Killed a two-headed ogre
 12477 | D:11     | Found a sacrificial altar of Ru.
 12632 | D:12     | Acquired the +1 pair of gloves of Ru's Delight {rF+ Will+}
 12633 | D:12     | Acquired the +1 pair of boots of Levity {Fly rF+}
 12707 | D:12     | You are sucked into a shaft and drop 3 floors!
 12707 | D:15     | Entered Level 15 of the Dungeon
 12719 | D:15     | Noticed a centaur warrior
 12862 | D:14     | Noticed a centaur warrior
 12868 | D:14     | Killed a centaur warrior
 13068 | D:14     | Noticed a centaur warrior
 13073 | D:14     | Killed a centaur warrior
 13074 | D:14     | Reached skill level 15 in Fighting
 13206 | D:14     | Found a runed translucent door.
 13317 | D:14     | Reached skill level 17 in Axes
 14002 | D:13     | Reached XP level 13. HP: 92/128 MP: 12/12
 14112 | D:13     | Found a gate to the Vaults.
 14262 | D:13     | Received a gift from Trog
 14293 | D:13     | Reached skill level 18 in Axes
 14304 | D:13     | HP: 6/130 [skeletal warrior/+0 short sword (4)]
 14637 | D:13     | Noticed Nessos
 14646 | D:13     | Killed Nessos
 15055 | D:13     | Noticed Jorgrun
 15069 | D:13     | Killed Jorgrun
 15184 | D:13     | Found Okycwo Bymn's Book Shop.
 15512 | D:12     | Reached skill level 19 in Axes
 15852 | D:12     | Noticed Azrael
 15874 | D:12     | Killed Azrael
 16625 | Orc:1    | Entered Level 1 of the Orcish Mines
 16673 | Orc:1    | Noticed an orc warlord
 16685 | Orc:1    | Killed an orc warlord
 16909 | Orc:1    | Gained mutation: You occasionally lose the ability to drink
                  | potions when taking damage. [a neqoxec]
 17222 | Orc:1    | Received a gift from Trog
 17500 | Orc:2    | Entered Level 2 of the Orcish Mines
 17709 | Orc:2    | Found a staircase to the Elven Halls.
 17712 | Orc:2    | Noticed Snorg
 17728 | Orc:2    | Killed Snorg
 18081 | Orc:2    | Reached XP level 14. HP: 121/140 MP: 13/13
 18140 | Orc:2    | Noticed an orc warlord
 18152 | Orc:2    | Killed an orc warlord
 18153 | Orc:2    | Reached skill level 20 in Axes
 18234 | Orc:2    | Received a gift from Trog
 18496 | Orc:2    | Found Vusur's Antique Armour Shoppe.
 18497 | Orc:2    | Found Wuiwk's Antique Weapon Shoppe.
 18499 | Orc:2    | Found Kireviho's General Store.
 18499 | Orc:2    | Found Onauh's Jewellery Emporium.
 18516 | Orc:2    | Bought a scroll of acquirement for 728 gold pieces
 18534 | Orc:2    | Acquired 728 gold pieces
 18542 | Orc:2    | Bought a +6 ring of strength for 576 gold pieces
 18677 | Orc:1    | Found a runed translucent door.
 18677 | Orc:1    | Noticed jujuben's ghost (journeyman HOGl)
 19038 | Orc:1    | Killed jujuben's ghost
 19374 | Lair:1   | Entered Level 1 of the Lair of Beasts
 19381 | Lair:1   | Noticed Nergalle
 19394 | Lair:1   | Killed Nergalle
 19858 | Lair:1   | Noticed Gastronok
 19868 | Lair:1   | Killed Gastronok
 20445 | Lair:2   | Found a staircase to the Shoals.
 20498 | Lair:2   | Reached skill level 21 in Axes
 20828 | Lair:2   | Found a frozen archway.
 20840 | IceCv    | Entered an ice cave
 20900 | IceCv    | Reached ****** piety under Trog
 20925 | IceCv    | Received a gift from Trog
 21571 | IceCv    | Noticed a reaper
 21578 | IceCv    | Killed a reaper
 21893 | Shoals:1 | Entered Level 1 of the Shoals
 22764 | Shoals:1 | Reached XP level 15. HP: 140/152 MP: 14/14
 23331 | Shoals:2 | Identified the +9 battleaxe of Corporal Punishment
                  | {antimagic, rF+} (Trog gifted it to you on level 2 of the
                  | Shoals)
 23331 | Shoals:2 | Received a gift from Trog
 23560 | Shoals:2 | Noticed Polyphemus
 24076 | Shoals:3 | Identified the +4 dagger "Perph" {freeze, rElec Will-
                  | Str+5}
 24271 | Shoals:4 | Entered Level 4 of the Shoals
 24965 | Shoals:4 | Reached skill level 22 in Axes
 24967 | Shoals:4 | Slain by an alligator snapping turtle

Illustrated notes

Levels and vault maps discovered:
D:1:      dpeg_arrival_subterranean_lakeside_camping, layout_loops_ring,
          minmay_cupped
D:2:      layout_basic, dilly_ecumenical_altar_fadedgnrine
D:3:      layout_basic, kennysheep_generic_room_10
D:4:      layout_cave_pools, serial_shops, nicolae_shop_tiny_glass, serial_park,
          serial_park_avenue1, serial_park_tiny_pond, serial_park_square3
          [serial_park_minivault_5x5_3], serial_park_square1
          [serial_park_minivault_5x5_5], uniq_duvessa
D:5:      layout_basic, eat_drink_and_be_merry_uskayaw, serial_corexii_hall,
          corexii_hall_statues_i, corexii_hall_statues_s, portal_sewer_entry_e,
          nicolae_concentric_dashed_squares_wild
D:6:      layout_rooms, uniq_crazy_yiuf_cottage, uniq_maggie, uniq_blork_the_orc
D:7:      layout_basic, lemuel_doored_altar,
          mainiacjoe_overflow_large_starburst, grunt_temple_overflow_holy_war,
          minmay_temple_entry_overgrown, hangedman_feature_mirror,
          grunt_ogre_cave
D:8:      layout_basic, dpeg_lair_monsters, lightli_bailey_entry_fortress,
          uniq_erica, uniq_pikel
D:9:      layout_basic, water_boxes_lemuel, uniq_grum
D:10:     layout_basic, erik_orc_3
D:11:     minmay_skewed_foursquare, layout_stronghold, serial_shops, shop,
          grunt_ministairs_15, nicolae_ru_path_of_blood, uniq_erolcha
D:12:     layout_small_grid, uniq_azrael
D:13:     minmay_ornate_pinched, layout_loops_ring, david_vaults_4,
          serial_shops, nicolae_shop_trees, uniq_jorgrun, uniq_nessos
D:14:     layout_rooms, chequers_serial_rivers_small_b,
          kennysheep_pointless_box, lightli_airlock
D:15:     hangedman_depths_entry_try_elsewhere_first, layout_stronghold,
          grunt_dithmenos_smoke_and_mirrors, uniq_louise, uniq_kirke
Lair:1:   layout_chaotic_city, st_stairs_5, nicolae_lair_run_with_the_wolves,
          infiniplex_staircase_pool, uniq_gastronok, uniq_nergalle
Lair:2:   layout_chaotic_city, nicolae_shoals_entry_roost,
          portal_ice_cave_entry_pillars_2, wad_woods_road_03
Shoals:1: layout_shoals
Shoals:2: layout_shoals, uniq_polyphemus
Shoals:3: layout_shoals
Shoals:4: shoals_end_simple, layout_shoals
Orc:1:    layout_diamond_mine, hellmonk_ghost_happy_afterlife,
          minmay_orc_temple_c
Orc:2:    st_orc_congregation, layout_diamond_mine, uniq_snorg

Skill      XL: |  1  2  3  4  5  6  7  8  9 10 11 12 13 14 15 |
---------------+----------------------------------------------+-----
Axes           | 4 5 6 8 9 11 13 15 17 19 21 22 | 22.0
Fighting       | 4 8 12 14 16 17 19 20 | 20.0
Armour         | 3 7 9 10 11 12 13 14 | 14.6
Dodging        | |  2.2
Evocations     | |  0.2

Action                     |  1- 3 |  4- 6 |  7- 9 | 10-12 | 13-15 || total
---------------------------+-------+-------+-------+-------+-------++-------
  Melee: Hand axe          |    67 |    98 |       |       |       ||   165
         Headbutt          |     8 |    18 |    48 |    98 |   148 ||   320
         Punch             |       |     1 |       |     7 |       ||     8
         War axe           |       |    18 |   265 |   252 |       ||   535
         Battleaxe         |       |       |       |   209 |   676 ||   885
 Invoke: Berserk           |       |     1 |       |     1 |     8 ||    10
         Trog's Hand       |       |       |     1 |       |     1 ||     2
  Evoke: Wand              |       |       |     1 |       |     2 ||     3
    Use: Scroll            |       |     8 |     2 |    12 |    15 ||    37
         Potion            |       |       |       |       |     3 ||     3
   Stab: Sleeping          |     1 |       |       |       |       ||     1
 Armour: Animal skin       |     8 |       |       |       |       ||     8
         Plate armour      |    11 |    83 |       |       |   141 ||   235
         Robe              |     2 |       |       |       |       ||     2
         Ring mail         |       |       |   133 |   256 |   172 ||   561
  Dodge: Dodged            |    28 |    31 |   143 |   395 |   456 ||  1053
